 Dungeon Crawl Stone Soup version 0.21.1-1-g345015fe64 (webtiles) character file.

89 KleinerIrrer the Ducker (level 4, -9/32 HPs)
             Began as a Gnoll Wanderer on Mar 17, 2018.
             Killed from afar by a white imp (11 damage)
             ... with a puff of frost
             ... summoned by Natasha
             ... on level 2 of the Dungeon.
             The game lasted 00:03:52 (1011 turns).

KleinerIrrer the Ducker (Gnoll Wanderer)            Turns: 1011, Time: 00:03:54

Health: -9/32      AC:  6    Str: 15    XL:     4   Next: 55%
Magic:  8/8        EV: 14    Int: 15    God:
Gold:   84         SH:  0    Dex: 14    Spells: 5/9 levels left

rFire    . . .     SeeInvis .   a - +2 falchion
rCold    . . .     Gourm    .   (no shield)
rNeg     . . .     Faith    .   n - +1 robe {MR+}
rPois    .         Spirit   .   (no helmet)
rElec    .         Reflect  .   (no cloak)
rCorr    .         Harm     .   h - +2 pair of gloves
MR       +....                  (no boots)
Stlth    ++........             (no amulet)
HPRegen  0.10/turn              (no ring)
MPRegen  0.11/turn              (no ring)

@: no status effects
A: distributed training, fangs 1, strong nose
a: no special abilities


You were on level 2 of the Dungeon.
You were hungry.

You visited 1 branch of the dungeon, and saw 2 of its levels.

You collected 84 gold pieces.

Inventory:

Hand Weapons
 a - a +2 falchion (weapon)
Missiles
 k - a throwing net (quivered)
Armour
 d - a +0 robe
 h - a +2 pair of gloves (worn)
 n - a +1 robe of magic resistance (worn)
Scrolls
 e - a scroll of magic mapping {unknown}
 l - a scroll of fog {unknown}
 t - 2 scrolls of remove curse {unknown}
Potions
 c - 2 potions of lignification
 i - a potion of cancellation {unknown}
 j - a potion of brilliance {unknown}
 m - a potion of degeneration {unknown}
 o - a potion of resistance {unknown}
 p - a potion of might {unknown}
 q - a potion of berserk rage {unknown}
 r - 3 potions of agility {unknown}
 s - a potion of curing {unknown}
Books
 b - the Grimoire of Unholy Secrets

   Spells                             Type                      Level
   a - Pain                           Necromancy                   1
   b - Vampiric Draining              Necromancy                   3
Comestibles
 f - 4 rations
 g - a chunk of flesh


   Skills:
 + Level 1.1 Fighting
 + Level 1.1 Short Blades
 + Level 4.6 Long Blades
 + Level 1.1 Axes
 + Level 1.1 Maces & Flails
 + Level 1.1 Polearms
 + Level 1.1 Staves
 + Level 1.1 Slings
 + Level 1.1 Bows
 + Level 1.1 Crossbows
 + Level 4.6 Throwing
 + Level 1.1 Armour
 + Level 4.6 Dodging
 + Level 2.5 Stealth
 + Level 1.1 Shields
 + Level 1.1 Unarmed Combat
 + Level 3.0 Spellcasting
 + Level 0.9 Conjurations
 + Level 0.9 Hexes
 + Level 2.2 Charms
 + Level 0.9 Summonings
 + Level 0.9 Necromancy
 + Level 0.9 Translocations
 + Level 0.9 Transmutations
 + Level 2.2 Fire Magic
 + Level 0.9 Ice Magic
 + Level 0.9 Air Magic
 + Level 0.9 Earth Magic
 + Level 0.9 Poison Magic
 + Level 1.2 Invocations
 + Level 1.1 Evocations


You had 5 spell levels left.
You knew the following spells:

 Your Spells              Type           Power        Failure   Level  Hunger
a - Pain                  Necr           #...         14%         1    #......
b - Vampiric Draining     Necr           #.........   38%         3    ###....


Dungeon Overview and Level Annotations

Branches:
Dungeon (2/15)

Altars:

Annotations:
D:2 Natasha


Innate Abilities, Weirdness & Mutations

Your experience applies equally to all skills.
You have very sharp teeth.
Your uncanny sense of smell can sniff out nearby items.


Message History

Natasha is severely wounded.
Natasha claws you. The white imp gestures at you. The puff of frost hits you!
You hit Natasha but do no damage.
Natasha is severely wounded.
Natasha mumbles some strange words.
You feel disoriented. Natasha claws you! The white imp gestures at you.
The puff of frost hits you!
* * * LOW HITPOINT WARNING * * *
You are feeling hungry.
You closely miss Natasha.
Natasha is severely wounded.
Natasha claws you.
* * * LOW HITPOINT WARNING * * *
The white imp gestures at you. The puff of frost hits you!
You die...

.............'.........'.........
.##....#######.........##.###.###
.####### #.........##........ .#
#.(.......##.###.### ##
#.[.......##..##.#
#.........###.##.#
############.........# #.##.#
#............5.......# #..#.###
#.............@......# ##.#....
#............h.......# #.#....
#............######### #......
#............# ##..###
#............# #..# #
#............# #########..###
#............# ..............
#### ............## ............#


You could see Natasha and a white imp.

Vanquished Creatures
  Natasha (twice) (D:2)
  An adder (D:2)
  A dart slug (D:1)
  2 leopard geckos (D:1)
  4 bats
  A giant cockroach (D:1)
  5 goblins
  2 hobgoblins (D:1)
  2 jackals (D:1)
  A ball python (D:1)
  2 frilled lizards
  2 kobolds (D:1)
  5 rats
30 creatures vanquished.

Notes
Turn   | Place    | Note
-------+----------+-------------------------------------------
     0 | D:1      | KleinerIrrer the Gnoll Wanderer began the quest for the Orb.
     0 | D:1      | KleinerIrrer set off with: a +2 falchion, the Grimoire of Unholy Secrets, a potion of lignification, a +0 robe, a ration
     0 | D:1      | Reached XP level 1. HP: 13/13 MP: 4/4
     0 | D:1      | Identified the Grimoire of Unholy Secrets
     2 | D:1      | Learned a level 1 spell: Pain
    66 | D:1      | Reached XP level 2. HP: 12/19 MP: 5/5
   530 | D:1      | Reached XP level 3. HP: 25/25 MP: 7/7
   560 | D:1      | You fall through a shaft!
   587 | D:2      | Learned a level 3 spell: Vampiric Draining
   662 | D:2      | Noticed Natasha
   666 | D:2      | Killed Natasha
   666 | D:2      | Reached skill level 1 in Invocations
   670 | D:2      | Reached skill level 1 in Fighting
   670 | D:2      | Reached skill level 1 in Short Blades
   670 | D:2      | Reached skill level 1 in Axes
   670 | D:2      | Reached skill level 1 in Maces & Flails
   670 | D:2      | Reached skill level 1 in Polearms
   670 | D:2      | Reached skill level 1 in Staves
   670 | D:2      | Reached skill level 1 in Slings
   670 | D:2      | Reached skill level 1 in Bows
   670 | D:2      | Reached skill level 1 in Crossbows
   670 | D:2      | Reached skill level 1 in Armour
   670 | D:2      | Reached skill level 1 in Shields
   670 | D:2      | Reached skill level 1 in Unarmed Combat
   670 | D:2      | Reached skill level 1 in Evocations
   681 | D:2      | Reached XP level 4. HP: 31/32 MP: 8/8
   775 | D:2      | Found a faded altar of an unknown god.
   823 | D:2      | Noticed Natasha
   841 | D:2      | Killed Natasha
   999 | D:2      | Noticed Natasha
  1011 | D:2      | Killed from afar by a white imp

Skill      XL: |  1  2  3  4 |
---------------+-------------+-----
Charms         | 2 |  2.2
Fire Magic     | 2 |  2.2
Invocations    | 1 |  1.2
Fighting       | 1 |  1.1
Short Blades   | 1 |  1.1
Axes           | 1 |  1.1
Maces & Flails | 1 |  1.1
Polearms       | 1 |  1.1
Staves         | 1 |  1.1
Slings         | 1 |  1.1
Bows           | 1 |  1.1
Crossbows      | 1 |  1.1
Armour         | 1 |  1.1
Shields        | 1 |  1.1
Unarmed Combat | 1 |  1.1
Evocations     | 1 |  1.1
Spellcasting   | 3 |  3.0
Long Blades    | |  4.6
Throwing       | |  4.6
Dodging        | |  4.6
Stealth        | |  2.5
Conjurations   | |  0.9
Hexes          | |  0.9
Summonings     | |  0.9
Necromancy     | |  0.9
Translocations | |  0.9
Transmutations | |  0.9
Ice Magic      | |  0.9
Air Magic      | |  0.9
Earth Magic    | |  0.9
Poison Magic   | |  0.9

Action                   |  1- 3 |  4- 6 || total
-------------------------+-------+-------++-------
Melee: Falchion          |    40 |    19 ||    59
       Bite              |     4 |     1 ||     5
 Cast: Pain              |    10 |     1 ||    11
 Stab: Sleeping          |     9 |       ||     9
Armor: Robe              |     6 |     4 ||    10
Dodge: Dodged            |    23 |    14 ||    37
       Rpst.: Falchion   |     9 |     5 ||    14
